Map: Catalyst LE

Players

Anonymoose - Winner!

  • Race: Terran Terran
  • League: Silver
  • Spawn Location: 11:00

Infamous

  • Race: Zerg Zerg
  • League: Silver
  • Spawn Location: 5:00

VOD

Have the link to the VOD?

Description

Time

  • Played on: March 20, 2018, 1:28 p.m.
  • Length: 19:25
Show
View Real Time Build Order
Export as new Build Order

Anonymoose Terran - Winner!

Build Orders: 1/1/1, MMM Bio 

Get SALT Encoding   

  12  0:02  SCV  
  13  0:19  SCV  
  14  0:21  Supply Depot  
  14  0:28  Refinery  
  14  0:31  SCV  
  15  0:45  Barracks  
  15  0:48  SCV  
  16  1:00  SCV  
  17  1:12  SCV  
  17  1:15  Refinery  
  18  1:28  SCV  
  19  1:36  Factory  
  19  1:49  Barracks Tech Lab  
  19  1:50  Supply Depot  
  19  2:02  SCV  
  20  2:13  Barracks, Marine  
  20  2:14  SCV  
  22  2:28  Starport  
  22  2:31  Marine  
  23  2:43  Supply Depot  
  23  2:46  Factory Tech Lab  
  23  2:56  Stimpack  
  24  3:08  Barracks Reactor  
  24  3:10  Siege Tank  
  26  3:13  Marine  
  27  3:32  Marauder  
  29  3:35  Medivac  
  31  3:53  Marine  
  31  3:54  Marine  
  31  3:55  Marine  
  34  4:12  Marine  
  35  4:25  Command Center  
  35  4:32  Marine  
  35  4:38  Marine x2  
  38  4:50  Marine  
  39  5:00  Supply Depot  
  39  5:11  Combat Shields  
  39  5:21  Marine x2  
  39  5:22  Siege Tank  
  39  5:23  Supply Depot  
  39  5:24  Marine  
  45  5:35  Orbital Command  
  45  5:37  SCV  
  45  5:39  Marine  
  47  5:46  Refinery  
  47  5:49  SCV  
  48  5:50  Medivac  
  48  6:01  SCV  
  48  6:13  SCV  
  49  6:23  Marine x2  
  49  6:24  Marine  
  52  6:26  Siege Tank  
  52  6:29  Starport Tech Lab  
  52  6:31  SCV  
  56  6:41  Marine x2  
  58  6:58  Siege Tank  
  61  7:05  Marine x2  
  61  7:06  Marine  
  54  7:23  Marine x3  
  48  7:41  Marine x3  
  48  7:42  Siege Tank  
  48  7:43  Banshee  
  57  7:45  Cloaking Field  
  57  7:56  Engineering Bay  
  57  7:59  Marine  
  58  8:14  Siege Tank  
  58  8:16  Marine x2  
  58  8:17  Marine  
  64  8:23  Engineering Bay  
  64  8:26  Medivac  
  66  8:28  Supply Depot  
  66  8:29  Terran Infantry Weapons Level 1  
  66  8:34  Marine x2  
  68  8:50  Starport  
  68  8:51  Supply Depot, Marine  
  68  8:52  Marine x2  
  71  8:56  Medivac  
  73  9:09  Marine  
  74  9:10  Marine x2  
  73  9:27  Marine x2  
  75  9:34  Marine  
  76  9:45  Marine x2  
  77  9:48  Raven  
  77  9:52  Marine  
  81  10:03  Marine x2  
  83  10:09  Marine  
  84  10:20  Marine  
  84  10:21  Marine  
  85  10:27  Marine  
  66  10:41  Marine  
  66  10:42  Marine  
  68  10:45  Marine  
  69  10:50  Siege Tank  
  68  10:59  Marine x2  
  68  11:03  Marine  
  67  11:17  Marine x2  
  69  11:21  Marine  
  69  11:22  Siege Tank  
  64  11:54  Siege Tank  
  67  11:58  Marine x3  
  67  12:13  Barracks  
  67  12:14  Barracks  
  67  12:16  Marine x3  
  67  12:22  SCV  
  71  12:25  SCV  
  71  12:28  Refinery  
  72  12:30  Command Center  
  72  12:34  Marine x3, SCV  
  76  12:38  SCV  
  77  12:46  SCV, Banshee  
  77  12:50  SCV  
  82  12:58  SCV  
  80  13:02  Factory, SCV  
  80  13:03  Factory  
  81  13:09  Marine x3  
  81  13:10  SCV  
  85  13:14  SCV  
  86  13:39  Supply Depot  
  86  13:40  Supply Depot  
  86  13:42  Marine x3, SCV, Armory  
  86  13:43  Terran Infantry Armor Level 1  
  88  13:59  Marine x2  
  88  14:01  Supply Depot  
  90  14:09  Banshee  
  93  14:16  Siege Tank  
  96  14:18  Marine x3  
  96  14:19  Starport Tech Lab  
  96  14:22  SCV  
  100  14:24  Supply Depot  
  100  14:34  SCV  
  100  14:35  Marine  
  102  14:43  Refinery  
  102  14:44  SCV  
  103  14:46  SCV  
  103  14:47  Supply Depot  
  103  14:52  Banshee  
  107  14:56  SCV  
  107  14:57  Banshee  
  107  14:58  SCV  
  112  15:06  Terran Vehicle Weapons Level 1  
  112  15:08  SCV  
  112  15:09  Supply Depot, Refinery  
  112  15:11  SCV  
  114  15:35  Siege Tank, Banshee  
  117  15:39  Factory Tech Lab  
  117  15:40  Banshee, Factory Tech Lab  
  123  16:04  Supply Depot  
  123  16:23  Banshee  
  126  16:27  Supply Depot  
  126  16:32  Terran Infantry Weapons Level 2  
  126  16:34  Terran Infantry Armor Level 2  
  126  16:37  Concussive Shells  
  126  16:39  Banshee  
  129  16:43  Command Center  
  129  16:44  Barracks Reactor  
  129  16:46  Barracks Reactor  
  129  16:55  Missile Turret  
  129  17:03  Marine  
  129  17:04  Marine x2  
  132  17:17  Missile Turret  
  132  17:21  Marine x2, Banshee  
  132  17:22  Marine  
  138  17:29  Marine  
  138  17:30  Marine x3  
  142  17:39  Marine x3  
  142  17:41  Supply Depot  
  145  17:45  Missile Turret  
  145  17:46  Banshee  
  145  17:47  Marine x2  
  145  17:48  Marine x2  
  152  17:57  Marine  
  152  17:58  Marauder  
  155  18:03  Supply Depot  
  155  18:06  SCV  
  155  18:07  Missile Turret, SCV  
  157  18:19  SCV x2, Marauder  
  161  18:29  Missile Turret  
  161  18:31  SCV x2  
  163  18:41  Marauder  
  165  18:43  SCV x2  
  167  18:54  Missile Turret  
  167  18:55  SCV  
Show
View Real Time Build Order
Export as new Build Order

Infamous Zerg 

Build Orders: Hatch First 

Get SALT Encoding   

  12  0:01  Drone  
  13  0:11  Drone  
  14  0:16  Overlord  
  14  0:45  Hatchery  
  13  0:51  Drone  
  13  0:52  Drone  
  15  1:11  Drone  
  15  1:12  Spawning Pool  
  15  1:19  Drone  
  15  1:20  Drone  
  17  1:29  Drone  
  18  1:34  Extractor  
  18  1:36  Drone  
  18  1:46  Overlord  
  18  1:58  Queen  
  18  2:01  Drone x2  
  21  2:04  Queen  
  21  2:08  Drone  
  25  2:18  Drone x2  
  27  2:41  Overlord x2  
  27  2:44  Spine Crawler  
  26  3:11  Drone x4  
  26  3:12  Drone x2  
  32  3:17  Queen  
  34  3:32  Evolution Chamber  
  33  3:35  Evolution Chamber  
  33  3:37  Drone x2  
  33  3:38  Drone  
  35  4:05  Drone x3  
  35  4:06  Drone  
  35  4:07  Drone, Overlord  
  40  4:15  Queen  
  42  4:26  Drone x4  
  46  4:36  Zergling x4  
  48  4:40  Zergling x2  
  48  4:41  Zergling x6  
  52  4:50  Hatchery  
  51  5:13  Drone  
  52  5:17  Overlord  
  52  5:18  Overlord x3  
  52  5:39  Drone  
  53  6:01  Zergling x6  
  53  6:02  Zergling x12  
  56  6:10  Drone, Queen  
  59  6:17  Lair  
  59  6:32  Zergling x14  
  66  6:33  Zergling x6  
  69  6:46  Baneling Nest  
  68  6:52  Zergling x12  
  68  6:53  Zergling x6  
  75  7:11  Zergling x6  
  64  7:30  Queen x2  
  64  7:32  Zergling x2  
  64  7:33  Zergling x8  
  73  7:58  Hatchery  
  72  8:09  Overlord  
  72  8:10  Overlord, Zergling x4  
  72  8:11  Zergling x4  
  76  8:13  Hatchery  
  75  8:27  Zerg Missile Weapons Level 1, Zerg Melee Weapons Level 1  
  75  8:31  Metabolic Boost  
  75  8:32  Centrifical Hooks  
  59  9:22  Zergling x12  
  59  9:23  Zergling x6  
  66  9:39  Zergling x4  
  66  9:40  Zergling x14  
  75  9:52  Overseer  
  75  10:03  Baneling x2  
  75  10:04  Baneling x7  
  75  10:05  Baneling x6  
  55  10:35  Zergling x10  
  49  10:36  Zergling x8  
  47  10:59  Queen  
  47  11:01  Zergling x4  
  47  11:02  Zergling x8  
  35  11:29  Drone x2  
  35  11:39  Drone x2  
  38  11:40  Drone x6  
  42  12:11  Drone, Hydralisk Den  
  42  12:12  Drone x5  
  42  12:13  Drone x2  
  49  12:27  Overseer  
  49  12:37  Queen  
  51  12:53  Hydralisk  
  51  12:54  Hydralisk x7  
  51  12:55  Hydralisk  
  69  13:00  Queen  
  71  13:17  Extractor  
  71  13:19  Overlord  
  70  13:20  Overlord  
  70  13:31  Zergling x10  
  70  13:32  Zergling x6  
  78  13:37  Zergling x4  
  80  13:59  Drone x2  
  80  14:01  Drone x5  
  80  14:02  Drone x2  
  89  14:39  Overlord x3  
  89  14:41  Zergling x10  
  89  14:42  Zergling x6  
  97  14:46  Hatchery  
  96  15:16  Drone x3  
  96  15:17  Drone x6  
  105  15:44  Hydralisk x4  
  105  15:45  Hydralisk x4  
  105  15:49  Overlord x4  
  121  15:56  Grooved Spines  
  121  15:58  Zerg Missile Weapons Level 2  
  121  16:18  Queen  
  121  16:21  Pneumatized Carapace  
  123  16:39  Extractor  
  122  16:45  Extractor  
  121  16:56  Hydralisk x2  
  125  17:36  Hydralisk x4  
  133  17:47  Extractor  
  133  17:51  Extractor  
  131  18:12  Infestation Pit  
  130  18:28  Hydralisk x2  
  130  18:29  Hydralisk x4  
Tags
 
Composition
MMM Bio
Matchup
TvZ
Replay Pack
Last Remnant (2)
Spawn Locations
Cross Positions
Add a new tag
Caveats
  • Supply blocks, unpowered buildings, or Contaminate may cause inaccurate times.
  • Supply counts are checked every 10 seconds.